 Dungeon Crawl Stone Soup version 0.29.0-5-ge4962eb29e (webtiles) character file.

Game seed: 4717342715313475857

126961 freelancePsychic the Fighter (level 16, -8/170 HPs)
             Began as a Troll Cinder Acolyte on Aug 29, 2022.
             Was an Elder of Okawaru.
             Killed from afar by a deep elf zephyrmancer (19 damage)
             ... with a bolt of lightning
             ... on level 2 of the Elven Halls on Aug 30, 2022.
             The game lasted 00:56:31 (25389 turns).

freelancePsychic the Fighter (TrCA)                Turns: 25389, Time: 00:56:32

Health: -8/170     AC: 16    Str: 28    XL:     16   Next: 45%
Magic:  21/21      EV: 12    Int: 12    God:    Okawaru [****..]
Gold:   1961       SH:  5    Dex:  9    Spells: 15/21 levels left

rFire   + . .      SeeInvis +     - Unarmed
rCold   . . .      Faith    .   (no shield)
rNeg    . . .      Spirit   .   V - +1 steam dragon scales of the Okapi {+Blink Str+2 SInv}
rPois   .          Reflect  +   x - +0 mask of the Dragon {Will+ Slay+3 SInv}
rElec   .          Harm     .   F - +2 cloak
rCorr   .          Rampage  .   (gloves unavailable)
Will    ++...                   (boots unavailable)
Stlth   +++.......              k - amulet of reflection
HPRegen 1.18/turn               u - +4 ring of protection
MPRegen 0.17/turn               P - ring of protection from fire

@: about to teleport, heroic
A: large, unfitting armour, claws 3, regeneration 1, shaggy fur 1, tough skin 1
a: Renounce Religion, Evoke Blink, Heroism, Finesse


You were on level 2 of the Elven Halls.
You worshipped Okawaru.
Okawaru was greatly pleased with you.
You visited 5 branches of the dungeon, and saw 25 of its levels.
You also visited: Trove and Bailey.

You collected 3274 gold pieces.
You spent 1313 gold pieces at shops.

Inventory:

Missiles
 a - 3 atropa-tipped darts
 g - 113 stones
 j - 34 poisoned darts
 o - 10 boomerangs (quivered)
 A - 6 curare-tipped darts
 E - 6 javelins
 O - 14 large rocks
 T - 7 boomerangs of dispersal
Armour
 i - the +4 robe "Alivaine" {-Tele Will+ Archmagi}
   (Okawaru gifted it to you on level 15 of the Dungeon)

   -Tele:     It prevents most forms of teleportation.
   Archmagi:  It increases the power of your magical spells.
   Will:      It increases your willpower.
 n - a +0 kite shield
 x - the +0 mask of the Dragon (worn) {Will+ Slay+3 SInv}
   (You found it on level 1 of the Orcish Mines)

   Slay:      It affects your accuracy & damage with ranged weapons and melee
   (+3).
   SInv:      It lets you see invisible.
   Will:      It increases your willpower.
 F - a +2 cloak (worn)
 V - the +1 steam dragon scales of the Okapi (worn) {+Blink Str+2 SInv}
   (Okawaru gifted it to you on level 4 of the Lair of Beasts)

   Str:       It affects your strength (+2).
   SInv:      It lets you see invisible.
   +Blink:    It lets you blink.
Jewellery
 k - an amulet of reflection (around neck)
 u - a +4 ring of protection (left claw)
 P - a ring of protection from fire (right claw)
 R - a +4 ring of evasion
 S - a ring of positive energy
 U - a ring of fire
 Y - a ring of ice
Wands
 c - a wand of roots (13)
 q - a wand of quicksilver (22)
 w - a wand of paralysis (9)
 G - a wand of flame (47)
Scrolls
 b - a scroll of vulnerability
 e - 6 scrolls of teleportation {@r4}
 h - 3 scrolls of silence
 p - 2 scrolls of amnesia
 v - 4 scrolls of poison
 y - 6 scrolls of enchant armour
 z - 12 scrolls of identify {@r1}
 B - a scroll of fear
 J - 3 scrolls of butterflies
 K - 4 scrolls of summoning
 N - 4 scrolls of immolation
 Q - 3 scrolls of torment
 X - 2 scrolls of magic mapping
Potions
 d - 4 potions of lignification
 f - 10 potions of curing {@q1}
 l - 4 potions of ambrosia
 m - a potion of might
 r - 5 potions of brilliance
 s - 4 potions of mutation
 t - 6 potions of flight
 D - 2 potions of cancellation
 L - 2 potions of resistance
 M - a potion of attraction {unknown}
 Z - 2 potions of berserk rage
Miscellaneous
 H - a condenser vane (inert)
 I - a phial of floods (inert)
 W - a tin of tremorstones (inert)


   Skills:
 - Level 13.6(18.6) Fighting
 - Level 12.9(17.9) Throwing
 - Level 3.5(8.5) Dodging
 - Level 11.8(16.8) Unarmed Combat
 + Level 3.3 Spellcasting
 - Level 6.3 Transmutations
 - Level 2.1 Fire Magic
 - Level 10.8 Earth Magic
 - Level 8.0 Invocations
 - Level 5.0 Evocations


You had 15 spell levels left.
You knew the following spells:

 Your Spells              Type           Power      Damage    Failure   Level
a - Statue Form           Tmut/Erth      14%        N/A       71%         6

Your spell library contained the following spells:

 Spells                   Type           Power      Damage    Failure   Level
 Sting                    Tmut/Pois      36%        1d4       6%          1
 Petrify                  Tmut/Erth      22%        N/A       7%          4
 Stone Arrow              Conj/Erth      28%        3d8       8%          3
 Scorch                   Fire           14%        2d5       14%         2
 Foxfire                  Conj/Fire      16%        2x1d4     16%         1
 Ignite Poison            Fire/Tmut/Pois 8%         N/A       22%         3
 Magic Dart               Conj           4%         1d3       24%         1
 Necrotise                Necr           4%         1d4       24%         1
 Poisonous Vapours        Pois/Air       2%         N/A       36%         2
 Searing Ray              Conj           2%         2d4       36%         2
 Static Discharge         Conj/Air       1%         3-4/arc   36%         2
 Sublimation of Blood     Necr           1%         N/A       36%         2
 Conjure Flame            Conj/Fire      4%         6-21      41%         3
 Blade Hands              Tmut           8%         N/A       43%         5
 Confusing Touch          Hex            1%         N/A       58%         3
 Dazzling Flash           Conj/Hex       2%         N/A       58%         3
 Mephitic Cloud           Conj/Pois/Air  1%         N/A       58%         3
 Vampiric Draining        Necr           1%         2d6       58%         3
 Sticky Flame             Conj/Fire      4%         2d3       83%         4
 Irradiate                Conj/Tmut      4%         3d13      87%         5
 Yara's Violent Unravell  Hex/Tmut       4%         3d4       87%         5
 Anguish                  Hex/Necr       0%         N/A       94%         4
 Dispel Undead            Necr           1%         3d6       94%         4
 Olgreb's Toxic Radiance  Pois           1%         N/A       94%         4
 Iron Shot                Conj/Erth      7%         9d2       99%         6
 Agony                    Necr           1%         N/A       100%        5
 Freezing Cloud           Conj/Ice/Air   0%         6-21      100%        5
 Iskenderun's Battlesphe  Conj           1%         2d6       100%        5
 Metabolic Englaciation   Hex/Ice        0%         N/A       100%        5
 Starburst                Conj/Fire      2%         6d3       100%        6
 Enfeeble                 Hex            0%         N/A       100%        7
 Storm Form               Tmut/Air       4%         N/A       100%        7
 Borgnjor's Revivificati  Necr           0%         N/A       100%        8
 Maxwell's Capacitive Co  Air            0%         ∞         100%        8
 Fire Storm               Conj/Fire      2%         8d1       100%        9
 Polar Vortex             Ice            0%         N/A       100%        9
 Animate Armour           Summ/Erth      Unusable   N/A       N/A         4
 Call Imp                 Summ           Unusable   N/A       N/A         2
 Summon Lightning Spire   Summ/Air       Unusable   N/A       N/A         4
 Simulacrum               Ice/Necr       Unusable   N/A       N/A         6
 Spellforged Servitor     Conj/Summ      Unusable   N/A       N/A         7

Dungeon Overview and Level Annotations

Branches:
Dungeon (15/15)            Temple (1/1) D:6            Lair (5/5) D:10
  Swamp (0/4) Lair:2       Spider (0/4) Lair:3        Slime (0/5) Lair:4
    Orc (2/2) D:12            Elf (2/3) Orc:2        Vaults (0/5) D:13
 Depths (0/4) D:15         Bailey (visited)

Altars:
Ashenzari
Cheibriados
Dithmenos
Elyvilon
Fedhas
Gozag
Hepliaklqana
Kikubaaqudgha
Makhleb
Nemelex Xobeh
Okawaru
Qazlal
Ru
Sif Muna
Trog
Uskayaw
Vehumet
Wu Jian
Xom
Yredelemnul
Zin
The Shining One

Shops:
D:3 !   D:7 *   D:9 *   D:13 :   D:15 :   Orc:2 *[[(*

Annotations:
D:4 1 runed translucent door, miserystealer's ghost, novice MeFi
D:5 2 runed translucent doors, Flarelocke's ghost, novice MiFi
Orc:2 Tressol's ghost, adept TeMo
Elf:2 Aizul


Innate Abilities, Weirdness & Mutations

You are too large for most types of armour.
You have claws for hands.
Your natural rate of healing is unusually fast.
You are covered in fur. (AC +1)
You have tough skin. (AC +1)


Message History

You feel much better.
You feel very sick.
The fire elemental completely misses you.
Aizul is engulfed in blazing flames.
Aizul hits you but does no damage.
The deep elf zephyrmancer casts a spell.
The deep elf zephyrmancer blinks!
The deep elf pyromancer is engulfed in blazing flames.
Aizul is engulfed in blazing flames.
Aizul closely misses you. The fire elemental barely misses you.
As you read the scroll of teleportation {@r4}, it crumbles to dust.
You feel strangely unstable.
You feel very sick.
Aizul is engulfed in blazing flames.
You block Aizul's attack. The fire elemental hits you.
The fire elemental burns you! You resist.
* * * LOW HITPOINT WARNING * * *
The deep elf zephyrmancer casts a spell.
The deep elf zephyrmancer blinks!
The deep elf knight is engulfed in blazing flames.
The deep elf zephyrmancer mumbles some strange words.
The deep elf zephyrmancer blinks!
You feel better.
Aizul is engulfed in blazing flames.
Aizul casts a spell at you. You resist with some effort.
The fire elemental barely misses you.
The deep elf zephyrmancer gestures wildly while chanting.
The deep elf zephyrmancer blinks!
The deep elf pyromancer gestures wildly while chanting.
Aizul is engulfed in blazing flames.
Aizul casts a spell at you. The poison arrow hits you!!!
You are poisoned.
* * * LOW HITPOINT WARNING * * *
You feel better. The fire elemental hits you. The fire elemental burns you!
You resist.
* * * LOW HITPOINT WARNING * * *
Aizul says, "Replaced!
How does it feel to be replaced?"
Aizul hits you but does no damage.
The deep elf zephyrmancer gestures at you while chanting.
The bolt of lightning hits the fire elemental!
The fire elemental resists.
The bolt of lightning hits you!!
You die...

....####☼####..##
...###.#.#.###..#
..###.##[##.###..
..
....)###E###..!..
.#
..○E.##§.°##...e.
.#
..e..#○§eE§#)....
##
...E..°#e°§..###
..######SE§§§#
#####@###....#
#...§§# ####
#.##§## #
##.#.e.## +
+.......### #
##.>......#
#.§...##.# ..
##.##.##.# ##.
#....[..#


You could see Aizul, a deep elf knight, a deep elf pyromancer, 2 deep elf
zephyrmancers and 3 fire elementals.

Vanquished Creatures
  Saint Roka (Orc:2)
  The ghost of barkas the Spear-Bearer, a journeyman CeMo of Okawaru (Orc:1)
  An ironbound preserver (D:13)
  Nessos (Lair:4)
  A deep elf annihilator (Elf:1)
  A deep elf death mage (Elf:1)
  The ghost of Nubia the Covert, a journeyman GnEn (Lair:4)
  Josephine (D:10)
  12 hydras
  An ice dragon (Lair:5)
  A vault guard (D:15)
  6 boulder beetles
  2 catoblepae
  5 two-headed ogres
  A death knight (D:15)
  A centaur warrior (D:14)
  9 dancing weapons
  An anaconda (Lair:5)
  A tengu warrior (D:15)
  A vampire mage (D:15)
  3 orc high priests (Elf:1)
  2 deep elf knights (Elf:1)
  9 skeletal warriors
  A golden dragon zombie (D:15)
  2 bog bodies (Lair:2)
  3 deep elf archers (Elf:1)
  22 deep elf pyromancers
  An orc knight (Orc:2)
  5 necromancers
  20 deep elf zephyrmancers
  11 orc sorcerers
  13 ugly things
  3 cyclopes
  A stone giant zombie (D:15)
  A fire giant zombie (D:15)
  3 manticores
  A frost giant zombie (D:15)
  14 elephants
  2 black mambas
  A gargoyle (D:14)
  A torpor snail (Lair:4)
  An unseen horror (D:11)
  20 cane toads
  4 rime drakes
  A kobold demonologist (D:13)
  7 komodo dragons
  A freezing wraith (D:15)
  An efreet (D:15)
  Psyche (D:10)
  3 meliai (D:14)
  A tengu conjurer (D:14)
  7 trolls
  10 polar bears
  3 raiju (Lair:5)
  8 blink frogs
  A hornet (D:9)
  3 slime creatures (D:12)
  6 dream sheep
  A jumping spider (shapeshifter) (D:14)
  3 water elementals
  2 vampires
  A shadow (D:15)
  11 fire elementals
  48 yaks
  A yak (shapeshifter) (Elf:1)
  A wyvern (D:11)
  4 wraiths
  A golden eye (shapeshifter) (D:13)
  3 steam dragons (Lair:5)
  6 basilisks
  A vampire mosquito (D:11)
  Menkaure (D:7)
  A redback (Lair:3)
  3 large abominations (Elf:1)
  5 wargs
  5 acid dragons
  Edmund (D:4)
  12 water moccasins
  14 hell hounds (Lair:5)
  2 swamp drakes (Lair:5)
  An ice beast (D:5)
  A sky beast (D:7)
  34 orc warriors
  12 black bears
  7 ogres
  17 wolves
  8 centaurs
  A phantom (D:4)
  A kobold brigand (D:10)
  Blork the orc (D:5)
  21 bullfrogs
  A necrophage (D:6)
  4 gnoll sergeants
  A scorpion (D:5)
  3 elf zombies (Elf:1)
  4 earth elementals
  7 wights
  10 killer bees
  5 electric eels
  2 howler monkeys
  2 lava snakes (D:11)
  3 jellies
  A gnoll bouda (D:5)
  9 hounds
  21 orc priests
  6 iguanas
  16 orc wizards
  Robin (D:2)
  18 gnolls
  8 adders
  4 shadow imps
  4 white imps
  3 worms
  2 dart slugs
  85 orcs
  4 ball pythons
  4 bats
  4 endoplasms
  8 giant cockroaches
  12 goblins
  11 hobgoblins
  A quokka (D:5)
  4 frilled lizards
  13 kobolds
  3 rats
761 creatures vanquished.

Vanquished Creatures (others)
  Jorgrun (Orc:2)
  An orc priest (Orc:2)
  2 orcs (Orc:2)
  46 fungi
  96 plants
  2 withered plants (D:15)
148 creatures vanquished.

Grand Total: 909 creatures vanquished

Notes
Turn   | Place    | Note
-------+----------+-------------------------------------------
     0 | D:1      | freelancePsychic the Troll Cinder Acolyte began the quest
                  | for the Orb.
     0 | D:1      | Reached XP level 1. HP: 22/22 MP: 1/1
   293 | D:1      | Reached XP level 2. HP: 28/29 MP: 2/2
   444 | D:1      | Found a faded altar of an unknown god.
   742 | D:2      | Reached skill level 1 in Throwing
   845 | D:2      | Reached XP level 3. HP: 36/36 MP: 3/3
   850 | D:2      | Noticed Robin
   883 | D:2      | Killed Robin
   884 | D:2      | Reached skill level 3 in Fighting
   986 | D:2      | Reached XP level 4. HP: 44/45 MP: 4/4
  1553 | D:3      | Found Qoelluce's Distillery.
  1561 | D:3      | Bought a potion of might for 40 gold pieces
  1561 | D:3      | Bought a potion of might for 40 gold pieces
  1561 | D:3      | Bought a potion of lignification for 30 gold pieces
  1704 | D:3      | Reached XP level 5. HP: 38/53 MP: 5/5
  1743 | D:3      | Identified the +4 spear of a ziggurat {spect, rF+ Str+3}
  2243 | D:4      | Found a runed translucent door.
  2435 | D:4      | You fall into a shaft and drop 1 floor!
  2435 | D:5      | Entered Level 5 of the Dungeon
  2542 | D:5      | Reached XP level 6. HP: 62/62 MP: 6/6
  2602 | D:5      | Noticed an ice beast
  2609 | D:5      | Killed an ice beast
  2610 | D:5      | Reached skill level 4 in Fighting
  2616 | D:5      | Reached skill level 5 in Unarmed Combat
  2680 | D:5      | Reached XP level 7. HP: 34/70 MP: 7/7
  2891 | D:4      | Noticed Edmund
  2897 | D:4      | Killed Edmund
  2937 | D:4      | Noticed miserystealer's ghost (novice MeFi)
  3227 | D:4      | Reached skill level 5 in Fighting
  3438 | D:4      | Reached XP level 8. HP: 80/80 MP: 8/8
  3696 | D:5      | Found a runed translucent door.
  3697 | D:5      | Noticed Flarelocke's ghost (novice MiFi)
  3704 | D:5      | Noticed Blork the orc
  3709 | D:5      | Killed Blork the orc
  3776 | D:5      | Found a runed translucent door.
  3830 | D:5      | Reached skill level 5 in Throwing
  4179 | D:6      | Found a staircase to the Ecumenical Temple.
  4190 | Temple   | Entered the Ecumenical Temple
  4386 | D:6      | Found a hide-covered altar of Uskayaw.
  4798 | D:6      | Found a hazy altar of Hepliaklqana.
  5088 | D:7      | Found Qinubeel's Gadget Gallery.
  5104 | D:7      | Reached skill level 6 in Fighting
  5127 | D:7      | Reached XP level 9. HP: 68/89 MP: 9/9
  5300 | D:7      | Noticed Menkaure
  5308 | D:7      | Killed Menkaure
  5567 | D:7      | Found a sparkling altar of Nemelex Xobeh.
  5867 | D:8      | Found a flagged portal.
  5883 | Bailey   | Entered a bailey
  6084 | Bailey   | Reached skill level 7 in Fighting
  6877 | D:9      | Paralysed by a hornet for 2 turns
  7167 | D:9      | Reached XP level 10. HP: 79/102 MP: 10/10
  7284 | D:9      | Found Zin's Purification Station.
  7284 | D:9      | Found a glowing silver altar of Zin.
  7582 | D:10     | Entered Level 10 of the Dungeon
  7666 | D:7      | Bought a condenser vane for 560 gold pieces
  7945 | D:10     | Noticed Josephine
  7970 | D:10     | Killed Josephine
  7971 | D:10     | Reached skill level 8 in Fighting
  8220 | D:10     | Reached skill level 10 in Unarmed Combat
  8268 | D:10     | Found a staircase to the Lair.
  8842 | D:11     | Noticed an eight-headed hydra
  8850 | D:11     | Killed an eight-headed hydra
  8864 | D:11     | Noticed Psyche
  8917 | D:10     | Killed Psyche
  8918 | D:10     | Reached XP level 11. HP: 98/113 MP: 7/11
  9171 | D:11     | Noticed a two-headed ogre
  9177 | D:11     | Killed a two-headed ogre
  9178 | D:11     | Reached skill level 9 in Fighting
  9473 | D:11     | Noticed a five-headed hydra
  9473 | D:11     | Noticed a two-headed ogre
  9473 | D:11     | Noticed a two-headed ogre
  9669 | D:11     | Noticed a boulder beetle
  9681 | D:11     | Killed a boulder beetle
  9736 | D:11     | Noticed a two-headed ogre
  9736 | D:11     | Noticed a boulder beetle
  9757 | D:11     | Killed a two-headed ogre
  9758 | D:11     | Reached skill level 1 in Evocations
  9791 | D:11     | Killed a boulder beetle
  9841 | D:11     | Reached skill level 10 in Throwing
  9842 | D:11     | Noticed a five-headed hydra
  9865 | D:11     | Killed a five-headed hydra
  9958 | D:11     | Noticed a two-headed ogre
  9968 | D:11     | Killed a two-headed ogre
 10024 | D:11     | Killed a two-headed ogre
 10150 | D:11     | Killed a five-headed hydra
 10242 | D:12     | Noticed a deep elf pyromancer
 10258 | D:12     | Noticed a skeletal warrior
 10259 | D:12     | Noticed a skeletal warrior
 10434 | Temple   | Fell from the grace of Ignis
 10434 | Temple   | Became a worshipper of Warmaster Okawaru
 10568 | Lair:1   | Entered Level 1 of the Lair of Beasts
 10634 | Lair:1   | Reached skill level 10 in Fighting
 10634 | Lair:1   | Reached XP level 12. HP: 73/126 MP: 12/12
 10738 | Lair:1   | Reached skill level 1 in Invocations
 10919 | Lair:1   | Reached * piety under Okawaru
 11160 | Lair:1   | You fall into a shaft and drop 1 floor!
 11181 | Lair:2   | Noticed a six-headed hydra
 11185 | Lair:2   | Killed a six-headed hydra
 11307 | Lair:2   | Reached ** piety under Okawaru
 11384 | Lair:2   | Reached *** piety under Okawaru
 11385 | Lair:2   | Reached skill level 11 in Fighting
 11385 | Lair:2   | Reached skill level 5 in Invocations
 11441 | Lair:2   | Found a staircase to the Swamp.
 11463 | Lair:2   | You fall into a shaft and drop 1 floor!
 11527 | Lair:3   | Reached **** piety under Okawaru
 11687 | Lair:3   | You fall into a shaft and drop 2 floors!
 11687 | Lair:5   | Entered Level 5 of the Lair of Beasts
 11700 | Lair:5   | Received a gift from Okawaru
 11706 | Lair:5   | Noticed a four-headed hydra
 11714 | Lair:5   | Killed a four-headed hydra
 11715 | Lair:5   | Reached skill level 5 in Evocations
 11719 | Lair:5   | Reached XP level 13. HP: 104/137 MP: 14/16
 11920 | Lair:5   | Received a gift from Okawaru
 12203 | Lair:5   | Reached ***** piety under Okawaru
 12269 | Lair:5   | Received a gift from Okawaru
 12383 | Lair:5   | Reached skill level 12 in Fighting
 12394 | Lair:5   | Identified the +6 quarterstaff of Zuhyamiu {drain, Will+
                  | Int+4} (Okawaru gifted it to you on level 5 of the Lair of
                  | Beasts)
 12394 | Lair:5   | Received a gift from Okawaru
 13142 | Lair:5   | Received a gift from Okawaru
 13281 | Lair:5   | Noticed a fire dragon
 13330 | Lair:4   | Found a runed translucent gate.
 13330 | Lair:4   | Found a runed translucent gate.
 13330 | Lair:4   | Found a runed translucent gate.
 13365 | Lair:4   | Noticed Nessos
 13374 | Lair:4   | Killed Nessos
 13427 | Lair:4   | Reached XP level 14. HP: 138/150 MP: 19/19
 13445 | Lair:4   | You fall into a shaft and drop 1 floor!
 13526 | Lair:4   | Identified the +1 steam dragon scales of the Okapi {+Blink
                  | Str+2 SInv} (Okawaru gifted it to you on level 4 of the
                  | Lair of Beasts)
 13526 | Lair:4   | Received a gift from Okawaru
 13527 | Lair:4   | Reached skill level 13 in Fighting
 13847 | Lair:4   | Reached skill level 1 in Dodging
 13997 | Lair:4   | Noticed Nubia's ghost (journeyman GnEn)
 14219 | Lair:4   | Found a staircase to the Slime Pits.
 14624 | Lair:4   | Killed Nubia's ghost
 15539 | Lair:1   | Was forgiven by Ignis
 16246 | Lair:3   | Found a hole to the Spider Nest.
 17461 | D:12     | Found a staircase to the Orcish Mines.
 17498 | D:12     | Received a gift from Okawaru
 17716 | D:13     | Received a gift from Okawaru
 17936 | D:13     | Found Niufohoc's Book Shop.
 17939 | D:13     | Bought a book of Sloth for 432 gold pieces
 17946 | D:13     | Learned a level 6 spell: Statue Form
 17982 | D:13     | Received a gift from Okawaru
 17983 | D:13     | Reached skill level 1 in Earth Magic
 18107 | D:13     | Reached skill level 1 in Transmutations
 18142 | D:13     | Found a gate to the Vaults.
 18142 | D:13     | Noticed an ironbound preserver
 18155 | D:13     | Killed an ironbound preserver
 18475 | D:14     | Reached ****** piety under Okawaru
 18979 | D:14     | Received a gift from Okawaru
 19031 | D:14     | Reached XP level 15. HP: 129/161 MP: 20/20
 19470 | D:15     | Entered Level 15 of the Dungeon
 19772 | D:15     | HP: 2/161 [acid (8)]
 19968 | D:15     | Identified the +4 robe "Alivaine" {-Tele Will+ Archmagi}
                  | (Okawaru gifted it to you on level 15 of the Dungeon)
 19968 | D:15     | Received a gift from Okawaru
 19976 | D:15     | Reached skill level 5 in Earth Magic
 20063 | D:15     | Found a staircase to the Depths.
 20475 | D:15     | Found a portal to a secret trove of treasure.
 20487 | Trove    | Entered a treasure trove
 20514 | Trove    | Got the Meditations on Enchanting Shapeshifting
 20537 | Trove    | Got the Teachings on the Coals
 20540 | Trove    | Got Sif Muna's Collected Works on Bolts
 20637 | D:15     | Found Ymneiz's Book Shoppe.
 20724 | D:15     | Found a shadowy altar of Dithmenos.
 21118 | Orc:1    | Entered Level 1 of the Orcish Mines
 21153 | Orc:2    | Entered Level 2 of the Orcish Mines
 21153 | Orc:2    | Found a large runed translucent door.
 21153 | Orc:2    | Found a large runed translucent door.
 21156 | Orc:2    | Noticed Tressol's ghost (adept TeMo)
 21532 | Orc:2    | Noticed Jorgrun
 21551 | Orc:2    | Killed Jorgrun
 21846 | Orc:2    | Found Hyp Het's General Store.
 21947 | Orc:2    | Found a staircase to the Elven Halls.
 22007 | Orc:2    | Found Loemi's General Store.
 22104 | Orc:2    | Bought a +0 kite shield for 58 gold pieces
 22169 | Orc:2    | Noticed Saint Roka
 22189 | Orc:2    | Killed Saint Roka
 22475 | Orc:2    | Found Zuxittykh's Antique Weapon Shop.
 22477 | Orc:2    | Found Ankiq's Antique Armour Boutique.
 22727 | Orc:2    | Found Waephim's Antique Armour Emporium.
 22735 | Orc:2    | Bought a shimmering robe for 153 gold pieces
 22735 | Orc:2    | Identified the +0 robe "Miakk" {-Tele rF+++ rN++ Will-}
                  | (You bought it in a shop on level 2 of the Orcish Mines)
 22997 | Orc:1    | Reached skill level 5 in Transmutations
 23086 | Orc:1    | Found a runed translucent door.
 23095 | Orc:1    | Found a shimmering altar of Xom.
 23095 | Orc:1    | Noticed barkas's ghost (journeyman CeMo)
 23095 | Orc:1    | Found the +0 mask of the Dragon {Will+ Slay+3 SInv}
 23182 | Orc:1    | Killed barkas's ghost
 23416 | Elf:1    | Entered Level 1 of the Elven Halls
 23897 | Elf:1    | Reached XP level 16. HP: 145/170 MP: 21/21
 24400 | Elf:1    | Reached skill level 10 in Earth Magic
 24931 | Elf:1    | Got the Spellbook of Unholy Mysteries
 25127 | Elf:2    | Received a gift from Okawaru
 25363 | Elf:2    | Noticed Aizul
 25388 | Elf:2    | HP: 2/170 [Aizul/poison arrow (36)]
 25389 | Elf:2    | Killed from afar by a deep elf zephyrmancer

Illustrated notes

Levels and vault maps discovered:
D:1:      mrwooster_arrival_statue_2, layout_basic,
          hellmonk_ecumenical_altar_arch_garden
D:2:      layout_loops_cross, uniq_robin
D:3:      layout_basic, serial_shops, shop_statue
D:4:      layout_basic, ebering_ghost_sewer_d, kennysheep_generic_room_7,
          uniq_edmund
D:5:      layout_gridville, ebering_ghost_sewer_f, minmay_crossroads,
          uniq_blork_the_orc
D:6:      layout_basic, nicolae_uskayaw_dance_hall,
          nicolae_hepliaklqana_hippocampus, minmay_temple_entry_proselytizer
D:7:      layout_loops_cross, nemelex_diamond_rough_becter,
          minmay_tree_intersection, nicolae_shop_gadgets, uniq_menkaure
D:8:      layout_loops_ring, enter_bailey_4
D:9:      layout_rooms, zin_purify, corexii_corridor_pit
D:10:     layout_basic, grunt_lair_entry_orc_guard_hut, uniq_josephine
D:11:     layout_irregular_city, hex_tiny, kennysheep_small_spiral,
          kennysheep_kite_vault, uniq_psyche
D:12:     layout_irregular_city, orc_0_dummy, nicolae_straight_to_the_point
D:13:     layout_long_grid, skrybe_vaults_entry_preservation, serial_shops,
          kennysheep_mini
D:14:     layout_basic
D:15:     gammafunk_depths_entry_grave, layout_stronghold, enter_trove_5,
          serial_shops, nicolae_shop_crystal, grunt_dithmenos_shadows
Temple:   mainiacjoe_temple_coin_purse
Lair:1:   layout_misc_corridors, serial_bayou_lagoon_a, serial_bayou_shore_b
Lair:2:   layout_concentric_octagons, skrybe_swamp_entry_bodies,
          grunt_megastairs_3, serial_bayou_shore_b
Lair:3:   layout_gridlike, spider_nest_entry_webs
Lair:4:   nzn_winding_woodlands_small
          [nzn_winding_woodlands_5x15_pathside_ponds,
          nzn_winding_woodlands_center_triple_pond,
          nzn_winding_woodlands_5x15_jagged], layout_gridlike, slime_entry_1,
          ebering_ghost_rock_garden, uniq_nessos
Lair:5:   hangedman_lair_caniforms_friends, layout_layer_cave,
          guppyfry_lair_end_dragon, bobbens_ice_dragon_lair, lemuel_fruit_tree
Orc:1:    layout_diamond_mine, ebering_ghost_xom, lemuel_statue_altar
Orc:2:    grunt_orc_community_town_hall, layout_caves,
          grunt_orc_community_big_house_1, grunt_orc_community_big_house_1,
          grunt_orc_community_house_2, grunt_orc_community_house_3,
          grunt_orc_community_house_2, grunt_orc_community_house_3,
          grunt_orc_community_house_2, grunt_orc_community_house_3,
          ebering_ghost_disaster_area, serial_shops, shop, elves_outpost_lemuel,
          uniq_jorgrun
Elf:1:    nicolae_elf_arrival_no_cutting_in_line, layout_loops_corners,
          minmay_elf_necromancy, guppyfry_library_mini
Elf:2:    elven_hall_of_blades_hangedman_original
          [nicolae_blade_entry_area_security], layout_loops_corners, kb_rosetta,
          uniq_aizul

Skill      XL: |  1  2  3  4  5  6  7  8  9 10 11 12 13 14 15 16 |
---------------+-------------------------------------------------+-----
Throwing       | 1 2 3 4 6 7 9 10 12 | 12.9
Fighting       | 3 4 5 6 7 8 10 11 12 13 | 13.6
Unarmed Combat | 4 5 6 7 9 10 11 | 11.8
Evocations     | 3 5 |  5.0
Invocations    | 6 8 |  8.0
Dodging        | 3 |  3.5
Earth Magic    | 3 9 10 | 10.8
Transmutations | 2 5 6 |  6.3
Spellcasting   | 2 3 |  3.3
Fire Magic     | |  2.1

Action                   |  1- 3 |  4- 6 |  7- 9 | 10-12 | 13-15 | 16-18 || total
-------------------------+-------+-------+-------+-------+-------+-------++-------
Melee: Unarmed           |    89 |   154 |   335 |   328 |  1141 |   145 ||  2192
       Punch             |     2 |     2 |    11 |    25 |    92 |     6 ||   138
Throw: Stone             |       |    11 |       |       |    26 |       ||    37
       Dart              |       |       |     5 |    31 |    67 |       ||   103
       Boomerang         |       |       |     5 |   142 |   351 |    56 ||   554
       Throwing net      |       |       |     1 |     2 |       |       ||     3
       Javelin           |       |       |       |    10 |     7 |       ||    17
       Large rock        |       |       |       |       |    64 |       ||    64
Invok: Fiery Armour      |       |     2 |     1 |     2 |       |       ||     5
       Heroism           |       |       |       |     4 |    18 |     2 ||    24
       Finesse           |       |       |       |       |     1 |       ||     1
Evoke: Wand              |       |       |     9 |     2 |     8 |       ||    19
       Condenser vane    |       |       |       |     1 |     3 |     1 ||     5
       Phial of floods   |       |       |       |     1 |     1 |     1 ||     3
       Tin of tremorston |       |       |       |       |       |     2 ||     2
  Use: Scroll            |     1 |     2 |     9 |     6 |     8 |     2 ||    28
       Potion            |     1 |     1 |     3 |     7 |     4 |     7 ||    23
 Stab: Paralysed         |       |       |       |       |     2 |       ||     2
       Invisible         |       |       |       |       |     5 |       ||     5
Armor: Robe              |    30 |    79 |    91 |    83 |    36 |    30 ||   349
       Troll leather arm |       |       |       |    71 |   166 |       ||   237
       Steam dragon scal |       |       |       |       |   347 |    22 ||   369
Dodge: Dodged            |    30 |    59 |   113 |   149 |   522 |    59 ||   932
Block: Other             |       |       |       |       |    30 |    21 ||    51
